 Dungeon Crawl Stone Soup version 0.21-a0-633-g4c047d5 (webtiles) character file.

294 mortelune the Chopper (level 6, -8/57 HPs)
             Began as a Deep Dwarf Fighter on Dec 28, 2017.
             Killed by divine providence
             ... invoked by an orc priest
              (10 damage)
             ... on level 4 of the Dungeon.
             The game lasted 00:12:44 (3284 turns).

mortelune the Chopper (Deep Dwarf Fighter)          Turns: 3284, Time: 00:12:44

Health: -8/57      AC: 15    Str: 21    XL:     6   Next: 11%
Magic:  6/6        EV:  4    Int:  9    God:
Gold:   176        SH:  9    Dex: 12    Spells: 5/5 levels left

rFire    . . .     SeeInvis .   u - +3 dagger (vamp)
rCold    . . .     Gourm    .   c - +0 shield
rNeg     . . .     Faith    .   G - +0 plate armour
rPois    .         Spirit   .   (no helmet)
rElec    .         Reflect  .   (no cloak)
rCorr    .         Harm     .   (no gloves)
MR       +....                  l - +2 pair of boots
Stlth    ..........             (no amulet)
HPRegen  0.00/turn              g - ring of protection from magic
MPRegen  0.10/turn              p - ring of stealth

@: berserk cooldown, non-regenerating, slowed, very slow
A: damage resistance, heal wounds, sense surroundings 1, no regeneration
a: Heal Wounds


You were on level 4 of the Dungeon.
You were not hungry.

You visited 1 branch of the dungeon, and saw 4 of its levels.

You collected 176 gold pieces.

Inventory:

Hand Weapons
 a - a +0 war axe
 b - a +0 hunting sling
 u - a +3 vampiric dagger (weapon)
Missiles
 h - 111 stones (quivered)
Armour
 c - a +0 shield (worn)
 e - a +0 scale mail
 l - a +2 pair of boots (worn)
 G - a +0 plate armour (worn)
Jewellery
 g - a ring of protection from magic (left hand)
 p - a ring of stealth (right hand)
 x - an uncursed ring of positive energy
Scrolls
 i - a scroll of teleportation
 j - a scroll of enchant armour {unknown}
 q - 2 scrolls of remove curse
 r - 2 scrolls of magic mapping {unknown}
 s - a scroll of enchant weapon {unknown}
 t - 3 scrolls of amnesia {unknown}
 v - 2 scrolls of noise {unknown}
 w - 3 scrolls of fog {unknown}
 B - a scroll of identify
 H - a scroll of immolation {unknown}
Potions
 d - a potion of might
 k - a potion of brilliance
 m - a potion of lignification
 n - 2 potions of cancellation
 o - a potion of mutation
 A - a potion of curing
 D - a potion of ambrosia {unknown}
 E - a potion of haste {unknown}
 F - a potion of heal wounds {unknown}
Books
 y - a book of Misfortune

   Spells                             Type                      Level
   a - Confusing Touch                Hexes                        1
   b - Confuse                        Hexes                        3
   c - Gell's Gravitas                Translocation                3
   d - Petrify                        Transmutation/Earth          4
   e - Metabolic Englaciation         Hexes/Ice                    5
   f - Yara's Violent Unravelling     Hexes/Transmutation          5
 z - a book of Cantrips

   Spells                             Type                      Level
   a - Confusing Touch                Hexes                        1
   b - Animate Skeleton               Necromancy                   1
   c - Summon Small Mammal            Summoning                    1
   d - Apportation                    Translocation                1
 J - a book of Maledictions

   Spells                             Type                      Level
   a - Corona                         Hexes                        1
   b - Ensorcelled Hibernation        Hexes/Ice                    2
   c - Confuse                        Hexes                        3
   d - Tukima's Dance                 Hexes                        3
   e - Dazzling Spray                 Conjuration/Hexes            3
Comestibles
 f - 12 rations
 I - 10 chunks of flesh


   Skills:
 + Level 3.8 Fighting
 * Level 5.2 Axes
 + Level 4.7 Armour
 - Level 3.2 Shields


You had 5 spell levels left.
You didn't know any spells.

Dungeon Overview and Level Annotations

Branches:
Dungeon (4/15)
 Temple: D:4-7

Altars:
Hepliaklqana
Qazlal


Innate Abilities, Weirdness & Mutations

You are resistant to damage.
You can heal yourself by infusing magical energy.
You passively map a small area around you.
You do not regenerate.


Message History

The orc hits you but does no damage. You block the orc priest's attack.
The orc barely misses you.
You hit the orc priest.
You feel better.
The orc priest is heavily wounded.
You block the orc priest's attack. The orc hits you but does no damage.
The orc priest looks braver for a moment.
You hit the orc priest.
You feel better.
The orc priest is severely wounded.
The orc hits you but does no damage.
The orc priest calls down the wrath of Beogh upon you.
Beogh smites you!
* * * LOW HITPOINT WARNING * * *
You block the orc's attack.
You hit the orc priest.
The orc priest is severely wounded.
The orc priest begins to cast a cantrip, but forgets the words!
The orc barely misses you.
The orc priest mumbles some strange prayers to Beogh against you.
Beogh smites you!
You die...

, .................#.# #
..####..........# # # ,
#..####.###..#.<.... #
..........#..##..#..#
.######.#.#......#..####
, #.................
#.###.###..#.##### #)#
#.# *.. ## * * #@# # , *
#ooZ..... * , #.###.##.
,* * ,, ... * , .#####
** #.. , ...... , #..#**
.##### #... #### *
####** ** #<.[ * ,#.##


You could see an orc priest, an orc and a jackal skeleton.

Vanquished Creatures
  A jelly (D:3)
  3 orc priests (D:4)
  2 orc wizards
  3 adders
  An adder zombie (D:3)
  4 worms (D:2)
  An adder skeleton (D:4)
  2 dart slugs (D:2)
  2 leopard geckos (D:1)
  16 orcs
  2 giant cockroaches (D:3)
  6 hobgoblins
  9 kobolds
  2 quokkas
  9 bats
  3 frilled lizards
  4 rats
70 creatures vanquished.

Notes
Turn   | Place    | Note
-------+----------+-------------------------------------------
     0 | D:1      | mortelune the Deep Dwarf Fighter began the quest for the Orb.
     0 | D:1      | Reached XP level 1. HP: 20/20 MP: 1/1
   234 | D:1      | Reached XP level 2. HP: 21/27 MP: 2/2
  1120 | D:2      | Reached skill level 3 in Axes
  1129 | D:2      | Reached XP level 3. HP: 17/34 MP: 3/3
  1266 | D:2      | Found a faded altar of an unknown god.
  1973 | D:3      | Reached XP level 4. HP: 34/42 MP: 4/4
  2102 | D:3      | Reached skill level 4 in Axes
  2287 | D:3      | Reached XP level 5. HP: 40/49 MP: 5/5
  3010 | D:3      | Found a stormy altar of Qazlal.
  3010 | D:3      | Found a hazy altar of Hepliaklqana.
  3065 | D:4      | Noticed an ogre
  3224 | D:4      | Reached skill level 5 in Axes
  3269 | D:4      | Reached XP level 6. HP: 15/57 MP: 6/6
  3283 | D:4      | HP: 2/57 [orc priest/divine providence (14)]
  3284 | D:4      | Killed from afar by an orc priest

Vault maps used:
D:1:      onia_arrival_mini_maze, palyth_stone_intersect
D:2:      chequers_ecumenical_altar_simple_redux,
          minmay_randomly_rotated_circles
D:3:      gammafunk_temple_overflow_statue, first_ration, minivault_5,
          kennysheep_big_empty_room

Skill      XL: |  1  2  3  4  5 |
---------------+----------------+-----
Axes           | 3 4 5 |  5.2
Fighting       | 3 |  3.8
Armour         | 4 |  4.7
Shields        | |  3.2

Action                   |  1- 3 |  4- 6 || total
-------------------------+-------+-------++-------
Melee: War axe           |    72 |       ||    72
       Dagger            |    45 |   207 ||   252
 Fire: Hunting sling     |    13 |       ||    13
 Abil: Heal Wounds       |       |     1 ||     1
  Use: Scroll            |     5 |     3 ||     8
       Potion            |       |     1 ||     1
  Eat: Chunk             |     2 |     4 ||     6
       Ration            |     2 |       ||     2
Armor: Scale mail        |    85 |    31 ||   116
       Plate armour      |       |    46 ||    46
Dodge: Dodged            |    68 |    33 ||   101
Block: Shield            |    86 |    72 ||   158

Table legend:
 A = Spawn XP
 B = Non-spawn XP
 C = Spawn XP percentage of total XP
 D = Spawn monster count
 E = Non-spawn monster count
 F = Spawn count percentage of total count
 G = Total turns spent on level
                    A         B        C        D         E        F      G
               +---------+---------+-------+---------+---------+-------+---------
         Total |       0 |     420 |   0.0 |       0 |      70 |   0.0 |  3284
               +---------+---------+-------+---------+---------+-------+---------
           D:1 |       0 |      20 |   0.0 |       0 |      13 |   0.0 |  1006
           D:2 |       0 |      44 |   0.0 |       0 |      17 |   0.0 |   879
           D:3 |       0 |     153 |   0.0 |       0 |      29 |   0.0 |  1146
           D:4 |       0 |     203 |   0.0 |       0 |      11 |   0.0 |   253
               +---------+---------+-------+---------+---------+-------+---------
